 Dungeon Crawl Stone Soup version 0.32-a0-306-gfed3edf829 (webtiles) character file.

Game seed: 4185923596621069818

474 Dittersdorf the Covered (level 7, -2/44 HPs)
             Began as a Gargoyle Fighter on Feb 14, 2024.
             Slain by a gnoll
             ... wielding a +0 flail
             ... led by a gnoll bouda
              (7 damage)
             ... on level 4 of the Dungeon.
             The game lasted 00:02:07 (2190 turns).

Dittersdorf the Covered (Gargoyle Fighter)          Turns: 2190, Time: 00:02:07

Health: -2/44      AC: 12    Str: 22    XL:     7   Next: 10%
Magic:  7/7        EV:  9    Int:  8    God:
Gold:   151        SH:  4    Dex:  9    Spells: 6/6 levels left

rFire   . . .        t - +0 morningstar
rCold   . . .        c - +0 buckler
rNeg    + . .        b - +0 scale mail
rPois   ∞            (no helmet)
rElec   +            (no cloak)
rCorr   .            (no gloves)
SInv    .            (no boots)
Will    .....        (no amulet) Stlth
                     (no ring)
HPRegen 0.27/turn    (no ring)
MPRegen 0.10/turn

%: no passive effects
@: weakened
A: sickness immunity, AC +4, negative energy resistance 1, electricity
resistance, torment resistance 1, petrification resistance
a: no special abilities


You were on level 4 of the Dungeon.
You visited 1 branch of the dungeon, and saw 4 of its levels.

You collected 151 gold pieces.

Inventory:

Hand Weapons
 t - a +0 morningstar (weapon)
Armour
 b - a +0 scale mail (worn)
 c - a +0 buckler (worn)
Jewellery
 a - a ring of positive energy
 u - a ring of fire
Scrolls
 f - a scroll of blinking {unknown}
 i - 3 scrolls of noise {unknown}
 j - 4 scrolls of identify {unknown}
 k - a scroll of immolation {unknown}
 m - a scroll of fog {unknown}
 n - a scroll of poison {unknown}
 p - 2 scrolls of enchant armour {unknown}
Potions
 d - a potion of might
 e - a potion of heal wounds {unknown}
 g - a potion of invisibility {unknown}
 h - a potion of degeneration {unknown}
 l - a potion of magic {unknown}
 o - 3 potions of berserk rage {unknown}
 q - a potion of attraction {unknown}
 r - a potion of lignification {unknown}
 s - a potion of ambrosia {unknown}


   Skills:
 + Level 5.1 Fighting
 + Level 4.0 Maces & Flails
 + Level 5.1 Armour
 + Level 5.1 Shields


You had 6 spell levels left.
You didn't know any spells.
Your spell library was empty.

Dungeon Overview and Level Annotations

Branches:
Dungeon (4/15)
 Temple: D:4-7

Altars:
Trog

Annotations:
D:4 Sigmund


Innate Abilities, Weirdness & Mutations

You are immune to sickness and miasma.
Your stone body is resilient. (AC +4)
You are immune to poison.
You resist negative energy. (rN+)
You are resistant to electric shocks. (rElec)
You are resistant to unholy torment.
You are immune to petrification.


Message History

The gnoll bouda barks out a call to the hunt!
Something hits you but does no damage.
Found a white potion.
You see here a +0 hand axe.
Found an inky potion.
Found 5 poisoned darts.
A gnoll and a ribbon worm come into view.
The gnoll shouts!
A gnoll comes into view.
It is wielding a +0 flail and quivering a throwing net.
A gnoll comes into view. It is wielding a +0 flail.
The gnoll moves out of view.
The gnoll shouts!
The gnoll completely misses you.
You see here a hobgoblin corpse.
The gnoll attacks as it pursues you! The gnoll hits you but does no damage.
The gnoll bouda gazes fiercely through you!
You feel your attacks grow feeble.
The gnoll bouda attacks as it pursues you!
The gnoll bouda barely misses you. Something hits you but does no damage.
The gnoll hits you with a +0 whip.
* * * LOW HITPOINT WARNING * * *
Something hits you.
* * * LOW HITPOINT WARNING * * *
The gnoll is no longer moving quickly.
An endoplasm comes into view.
The gnoll bouda barks out a call to the hunt!
The gnoll picks up the pace!
The endoplasm quivers.
Sigmund appears from thin air!
Reactivating autopickup.
The gnoll is no longer moving quickly.
The gnoll bouda gazes fiercely through you!
You feel as though you will be weak longer.
The gnoll barely misses you.
The gnoll bouda barks out a call to the hunt!
The gnoll picks up the pace!
Found 15 gold pieces.
The gnoll attacks as it pursues you! The gnoll hits you with a +0 flail!
You die...

.........###$..
.................
.................
..........>........###
.......J..............
.....................#
.....................##
.....(...@............#
.......gg##......[...#
........## ##.....###.
...##.!.######>....<...
......#g#.)#.w.<.......
....###@..g.gg.........
....##....#.#..........
...!.....####........>.
....##....)............


You could see 2 gnolls and an endoplasm.

Vanquished Creatures
  A black bear (D:4)
  2 howler monkeys (D:4)
  3 hounds
  An orc wizard (D:3)
  3 gnolls (D:3)
  An adder (D:2)
  2 dart slugs
  2 ribbon worms
  7 orcs
  3 ball pythons
  6 endoplasms
  3 giant cockroaches (D:1)
  6 goblins
  7 hobgoblins
  4 jackals (D:2)
  10 kobolds
  7 quokkas
  2 bats
  6 frilled lizards
  4 rats
80 creatures vanquished.

Notes
Turn   | Place    | Note
-------+----------+-------------------------------------------
     0 | D:1      | Dittersdorf the Gargoyle Fighter began the quest for the
                  | Orb.
     0 | D:1      | Reached XP level 1. HP: 14/14 MP: 1/1
    40 | D:1      | Reached XP level 2. HP: 11/19 MP: 2/2
   192 | D:1      | Reached XP level 3. HP: 23/23 MP: 3/3
   678 | D:2      | Reached XP level 4. HP: 24/29 MP: 4/4
  1331 | D:3      | Reached XP level 5. HP: 31/33 MP: 5/5
  1567 | D:3      | Found a bloodstained altar of Trog.
  1600 | D:3      | Reached XP level 6. HP: 22/39 MP: 6/6
  2161 | D:4      | Noticed a black bear
  2162 | D:4      | Noticed Sigmund
  2174 | D:4      | Killed a black bear
  2175 | D:4      | Reached skill level 5 in Fighting
  2175 | D:4      | Reached skill level 5 in Armour
  2175 | D:4      | Reached skill level 5 in Shields
  2175 | D:4      | Reached XP level 7. HP: 11/44 MP: 7/7
  2190 | D:4      | Slain by a gnoll

Illustrated notes

Levels and vault maps discovered:
D:1:      amcnicky_arrival_wind_blow, layout_rooms, minivault_24
D:2:      layout_rooms, nicolae_kite_square_tiling_tiny,
          amcnicky_mini_pool_small
D:3:      layout_basic, bloody_trog
D:4:      layout_cave_pools, uniq_sigmund

Skill      XL: |  1  2  3  4  5  6 |
---------------+-------------------+-----
Shields        | 4 5 |  5.1
Armour         | 4 5 |  5.1
Fighting       | 4 5 |  5.1
Maces & Flails | 3 4 |  4.0

Action                     |  1- 3 |  4- 6 |  7- 9 || total
---------------------------+-------+-------+-------++-------
  Melee: Flail             |    99 |    87 |       ||   186
         Morningstar       |       |    97 |       ||    97
 Armour: Scale mail        |   112 |   172 |     7 ||   291
  Dodge: Dodged            |    81 |   102 |     3 ||   186
  Block: Buckler           |    28 |    49 |       ||    77

Table legend: (Time is in decaauts)
 A = Elapsed time spent in this place.
 B = Non-inter-level travel time spent in this place.
 C = Inter-level travel time spent in this place.
 D = Time resting spent in this place.
 E = Time spent auto-exploring this place.
 F = Levels seen in this place.
 G = Mean time per level.
                   A        B        C        D        E       F      G
               +--------+--------+--------+--------+--------+-----+--------+
         Total |   2281 |   2176 |    105 |     89 |   1453 |   4 |  570.2 |
       Dungeon |   2281 |   2176 |    105 |     89 |   1453 |   4 |  570.2 |
               +--------+--------+--------+--------+--------+-----+--------+

Top non-repeatable levels by time:
     D:3: 959 daAuts
     D:1: 732 daAuts
     D:2: 527 daAuts
     D:4: 61 daAuts
